 Dungeon Crawl Stone Soup version 0.25-a0-404-gc1b5a34292 (webtiles) character file.

Game seed: 7059767972210278526, levelgen mode: deterministic

58 Jerej03 the Shield-Bearer (level 3, -5/33 HPs)
             Began as a Deep Dwarf Fighter on Jan 11, 2020.
             Was an Initiate of Yredelemnul.
             Killed from afar by Sigmund (9 damage)
             ... with a magic dart
             ... on level 3 of the Dungeon.
             The game lasted 00:10:20 (1333 turns).

Jerej03 the Shield-Bearer (Deep Dwarf Fighter)      Turns: 1333, Time: 00:10:21

Health: -5/33      AC:  6    Str: 20    XL:     3   Next: 76%
Magic:  3/3        EV:  5    Int:  8    God:    Yredelemnul [......]
Gold:   103        SH: 14    Dex: 12    Spells: 2/2 levels left

rFire    . . .     SeeInvis .   j - +2 short sword (drain)
rCold    . . .     Gourm    .   g - +0 large shield
rNeg     + . .     Faith    .   b - +0 scale mail
rPois    .         Spirit   .   (no helmet)
rElec    .         Reflect  .   (no cloak)
rCorr    .         Harm     .   (no gloves)
MR       .....                  (no boots)
Stlth    ..........             (no amulet)
HPRegen  0.00/turn              h - ring of positive energy
MPRegen  0.08/turn              (no ring)

@: non-regenerating
A: damage resistance, heal wounds, sense surroundings 1, no regeneration
a: Heal Wounds, Renounce Religion


You were on level 3 of the Dungeon.
You worshipped Yredelemnul.
Yredelemnul was noncommittal.
You were not hungry.

You visited 1 branch of the dungeon, and saw 3 of its levels.

You collected 103 gold pieces.

Inventory:

Hand Weapons
 j - a +2 short sword of draining (weapon)
Missiles
 e - 7 silver javelins (quivered)
Armour
 b - a +0 scale mail (worn)
 g - a +0 large shield (worn)
Jewellery
 h - a ring of positive energy (left hand)
Scrolls
 i - 4 scrolls of identify
Potions
 d - a potion of might
Comestibles
 f - 5 rations


   Skills:
 + Level 2.9 Fighting
 * Level 1.3 Short Blades
   Level 2.7 Axes
 + Level 3.6 Armour
 + Level 0.1 Dodging
 + Level 3.9 Shields


You had 2 spell levels left.
You didn't know any spells.
Your spell library was empty.

Dungeon Overview and Level Annotations

Branches:
Dungeon (3/15)

Altars:
Yredelemnul

Annotations:
D:3 Sigmund


Innate Abilities, Weirdness & Mutations

You are resistant to damage.
You can heal yourself by infusing magical energy.
You passively map a small area around you.
You do not regenerate.


Message History

Sigmund barely misses you.
You feel less confused. Sigmund gestures at you while chanting.
The puff of flame misses you.
Sigmund hits you from afar with a +0 scythe.
Sigmund hits you with a +0 scythe!
* * * LOW HITPOINT WARNING * * *
You closely miss Sigmund. You closely miss Sigmund.
Sigmund hits you with a +0 scythe.
You hit Sigmund. You drain Sigmund.
Sigmund is moderately wounded.
Sigmund hits you with a +0 scythe.
* * * LOW HITPOINT WARNING * * *
You hit Sigmund. You drain Sigmund.
Sigmund is severely wounded.
You block Sigmund's attack.
Sigmund points at you and mumbles some strange words.
The magic dart hits you!
You die...
Your body rises from the dead as a mindless zombie.

#.....#######..............
#..... ######.........
#..... ###########.........
, +.....
.........##......... ,
#..... ########...).....###
#.....##########..#########
#...........#........
,,#...........#..#...#.
#...@.@.....#_....... ,
#.$.........#..#...#.
#...........#........
#...........######### *
..............#
.....####........,,,*
#.....* #........., *
*#..... * #......... .. ,
#.........


You could see Sigmund.

Vanquished Creatures
  An adder (D:2)
  A worm (D:2)
  2 dart slugs
  A leopard gecko (D:1)
  3 giant cockroaches
  3 goblins
  5 hobgoblins
  2 jackals (D:2)
  6 kobolds
  A quokka (D:2)
  6 bats
  2 frilled lizards (D:2)
  9 rats
42 creatures vanquished.

Notes
Turn   | Place    | Note
-------+----------+-------------------------------------------
     0 | D:1      | Jerej03 the Deep Dwarf Fighter began the quest for the Orb.
     0 | D:1      | Reached XP level 1. HP: 20/20 MP: 1/1
    85 | D:1      | Reached XP level 2. HP: 27/27 MP: 2/2
   620 | D:2      | Reached XP level 3. HP: 24/33 MP: 3/3
   764 | D:2      | Reached skill level 1 in Short Blades
  1242 | D:3      | Found a basalt altar of Yredelemnul.
  1250 | D:3      | Became a worshipper of Yredelemnul the Dark
  1312 | D:3      | Noticed Sigmund
  1333 | D:3      | Killed from afar by Sigmund

Levels and vault maps discovered:
D:1:      ncdulo_halloftheorcs, layout_rooms
D:2:      layout_loops_ring, first_ration
D:3:      layout_basic, lemuel_coloured_pillars_altar, uniq_sigmund

Skill      XL: |  1  2  3 |
---------------+----------+-----
Short Blades   | 1 |  1.3
Fighting       | |  2.9
Axes           | |  2.7
Armour         | |  3.6
Dodging        | |  0.1
Shields        | |  3.9

Action                   || total
-------------------------++-------
Melee: War axe           ||    80
       Short sword       ||    57
Throw: Javelin           ||     2
  Use: Scroll            ||     4
       Potion            ||     2
  Eat: Ration            ||     1
Armor: Scale mail        ||    52
Dodge: Dodged            ||    45
Block: Shield            ||    29
       Large shield      ||    85

Table legend:
 A = Non-vault XP
 B = Vault XP
 C = Vault XP percentage of total XP
 D = Non-vault monster count
 E = Vault monster count
 F = Vault count percentage of total count
                 A         B        C        D         E       F
            +---------+---------+-------+---------+---------+-------
      Total |      84 |       0 |   0.0 |      42 |       0 |   0.0
            +---------+---------+-------+---------+---------+-------
        D:1 |      22 |       0 |   0.0 |      13 |       0 |   0.0
        D:2 |      52 |       0 |   0.0 |      23 |       0 |   0.0
        D:3 |      10 |       0 |   0.0 |       6 |       0 |   0.0
            +---------+---------+-------+---------+---------+-------
